[Event "8th Gibraltar U16-Junior 2018"]
[Site "Caleta"]
[Date "2018.08.17"]
[Round "2"]
[White "Cuellar Montes, Alejandro"]
[Black "Lovell, William Pm"]
[Result "1-0"]
[ECO "D20"]
[WhiteElo "2074"]
[BlackElo "1783"]
[Annotator "NA RC"]
[PlyCount "67"]
[EventDate "2018.08.17"]
[EventType "swiss"]
[EventCountry "GGB"]
[SourceTitle "playchess.com"]
[Source "ChessBase"]
[SourceQuality "1"]
[TimeControl "6600+10"]

1. d4 d5 2. c4 dxc4 3. e4 e5 4. Nf3 Bb4+ 5. Nc3 c5 6. dxe5 Bxc3+ 7. bxc3 Qxd1+ 8. Kxd1 b5 9. a4 Bd7 10. axb5 Bxb5 11. Nd2 Nd7 12. Bxc4 Bc6 13. e6 fxe6 14. Bxe6 Ngf6 15. f3 Ne5 16. Kc2 Ke7 17. Bb3 Bb5 18. c4 Bd7 19. Ra5 Rhc8 20. Ba3 Nc6 21. Bxc5+ Ke8 22. Ra3 Be6 23. Rha1 Rc7 24. Ba4 Nd7 25. Bxc6 Rxc6 26. Bxa7 Bxc4 27. Nxc4 Rxc4+ 28. Kd3 Ne5+ 29. Ke2 Rc2+ 30. Kf1 Nc4 31. Rd3 Ne5 32. Rdd1 Nc4 33. Kg1 Nb2 34. Bd4 1-0

[Event "8th Gibraltar U16-Junior 2018"]
[Site "Caleta"]
[Date "2018.08.17"]
[Round "2"]
[White "Onslow, Alfie"]
[Black "Lorente Serrano, Rosa Adela"]
[Result "1-0"]
[ECO "B96"]
[WhiteElo "2040"]
[BlackElo "1682"]
[Annotator "NA RC"]
[PlyCount "53"]
[EventDate "2018.08.17"]
[EventType "swiss"]
[EventCountry "GGB"]
[SourceTitle "playchess.com"]
[Source "ChessBase"]
[SourceQuality "1"]
[TimeControl "6600+10"]

1. e4 c5 2. Nf3 d6 3. d4 cxd4 4. Nxd4 Nf6 5. Nc3 a6 6. Bg5 e6 7. f4 h6 8. Bh4 Nbd7 9. Qe2 Qc7 10. O-O-O Be7 11. g4 Nxe4 12. Nxe4 Bxh4 13. Nf5 d5 14. Ned6+ Kf8 15. Nxf7 Kxf7 16. Nxh4 Qxf4+ 17. Kb1 Nf6 18. h3 Re8 19. Bg2 Kg8 20. Rhf1 Qd6 21. Qd3 Qc7 22. Rxf6 Qe7 23. Qg6 Qxf6 24. Qxe8+ Kh7 25. Nf3 b5 26. Nd4 e5 27. Qc6 1-0

[Event "8th Gibraltar U16-Junior 2018"]
[Site "Caleta"]
[Date "2018.08.17"]
[Round "2"]
[White "Jayawarna, Nugith"]
[Black "Seleznev, Egor"]
[Result "1-0"]
[ECO "D36"]
[WhiteElo "2013"]
[BlackElo "1388"]
[Annotator "NA RC"]
[PlyCount "69"]
[EventDate "2018.08.17"]
[EventType "swiss"]
[EventCountry "GGB"]
[SourceTitle "playchess.com"]
[Source "ChessBase"]
[SourceQuality "1"]
[TimeControl "6600+10"]

1. c4 e6 2. Nc3 d5 3. d4 Nf6 4. cxd5 exd5 5. Bg5 c6 6. Qc2 Be7 7. e3 O-O 8. Bd3 Nbd7 9. Nf3 Re8 10. O-O Nf8 11. Rab1 Ng6 12. b4 Ne4 13. Bxe7 Qxe7 14. b5 Bg4 15. Nd2 Nxd2 16. Qxd2 Qg5 17. f4 Qh5 18. bxc6 bxc6 19. Rb7 Nh4 20. e4 Reb8 21. Rfb1 Rxb7 22. Rxb7 Bf3 23. Qb2 g6 24. gxf3 Qxf3 25. Qe2 Qxf4 26. Rb1 Nf3+ 27. Kg2 Nxd4 28. Qf2 Qg5+ 29. Kh1 Ne6 30. exd5 cxd5 31. Rf1 f5 32. Nxd5 Rd8 33. Bc4 Nf8 34. Rg1 Qh6 35. Qd4 1-0

[Event "8th Gibraltar U16-Junior 2018"]
[Site "Caleta"]
[Date "2018.08.17"]
[Round "2"]
[White "Ledesma Claros, Daniel"]
[Black "Ye, Kevin"]
[Result "1-0"]
[ECO "C54"]
[WhiteElo "1954"]
[BlackElo "1653"]
[Annotator "NA RC"]
[PlyCount "79"]
[EventDate "2018.08.17"]
[EventType "swiss"]
[EventCountry "GGB"]
[SourceTitle "playchess.com"]
[Source "ChessBase"]
[SourceQuality "1"]
[TimeControl "6600+10"]

1. e4 e5 2. Nf3 Nc6 3. Bc4 Bc5 4. c3 Nf6 5. d4 exd4 6. cxd4 Bb4+ 7. Nc3 Nxe4 8. O-O Bxc3 9. d5 Bf6 10. Re1 Ne7 11. Rxe4 d6 12. Bg5 Bxg5 13. Nxg5 h6 14. Qe2 hxg5 15. Re1 Be6 16. Bb3 c6 17. dxc6 d5 18. Rxe6 fxe6 19. cxb7 Rb8 20. Qxe6 Qc7 21. g3 Rxb7 22. Bxd5 Rb6 23. Qf7+ Kd8 24. Qxg7 Rbh6 25. Be6 Qd6 26. h3 R8h7 27. Qf8+ Kc7 28. Bg4 Rf6 29. Qe8 Qc5 30. Qd7+ Kb8 31. Qd8+ Kb7 32. Qd7+ Ka6 33. Re3 Nd5 34. Be2+ Ka5 35. b4+ Kxb4 36. Rb3+ Ka5 37. Rb5+ Ka4 38. Bd1+ Ka3 39. Rb3+ Kxa2 40. Qa4+ 1-0

[Event "8th Gibraltar U16-Junior 2018"]
[Site "Caleta"]
[Date "2018.08.17"]
[Round "2"]
[White "Samworth Calvier, Juju"]
[Black "Weersing, Sarah"]
[Result "1/2-1/2"]
[ECO "C14"]
[WhiteElo "1816"]
[BlackElo "1608"]
[Annotator "NA RC"]
[PlyCount "36"]
[EventDate "2018.08.17"]
[EventType "swiss"]
[EventCountry "GGB"]
[SourceTitle "playchess.com"]
[Source "ChessBase"]
[SourceQuality "1"]
[TimeControl "6600+10"]

1. e4 e6 2. d4 d5 3. Nc3 Nf6 4. Bg5 Be7 5. exd5 Nxd5 6. Bxe7 Qxe7 7. Bd3 Qb4 8. Nge2 Qxb2 9. Rb1 Nxc3 10. Rxb2 Nxd1 11. Kxd1 b6 12. Be4 c6 13. Nc3 Bd7 14. Re1 O-O 15. Nb5 Na6 16. c4 Rac8 17. Nd6 Rc7 18. Re3 Rd8 1/2-1/2

[Event "8th Gibraltar U16-Junior 2018"]
[Site "Caleta"]
[Date "2018.08.17"]
[Round "2"]
[White "Patel, Devan"]
[Black "Moreby, James"]
[Result "0-1"]
[ECO "E94"]
[WhiteElo "1716"]
[BlackElo "2084"]
[Annotator "NA RC"]
[PlyCount "56"]
[EventDate "2018.08.17"]
[EventType "swiss"]
[EventCountry "GGB"]
[SourceTitle "playchess.com"]
[Source "ChessBase"]
[SourceQuality "1"]
[TimeControl "6600+10"]

1. d4 Nf6 2. Nf3 g6 3. c4 Bg7 4. Nc3 O-O 5. e4 d6 6. Be2 Qe8 7. O-O e5 8. dxe5 dxe5 9. Qc2 c6 10. b3 Qe7 11. a4 Na6 12. Ba3 Nb4 13. Qd2 a5 14. Rad1 Bg4 15. Qd6 Qxd6 16. Rxd6 Nc2 17. Bb2 Bxf3 18. Bxf3 Nd4 19. Bd1 Rfc8 20. f4 Ne8 21. Rd7 Rc7 22. Rxc7 Nxc7 23. Ne2 Nxe2+ 24. Bxe2 exf4 25. Bxg7 Kxg7 26. Rxf4 Ne6 27. Rf3 Rd8 28. Bd3 Nd4 0-1

[Event "8th Gibraltar U16-Junior 2018"]
[Site "Caleta"]
[Date "2018.08.17"]
[Round "2"]
[White "Cortes Villa, Jaime"]
[Black "Diaz Mino, Pablo"]
[Result "0-1"]
[ECO "C68"]
[WhiteElo "1700"]
[BlackElo "2052"]
[Annotator "NA RC"]
[PlyCount "44"]
[EventDate "2018.08.17"]
[EventType "swiss"]
[EventCountry "GGB"]
[SourceTitle "playchess.com"]
[Source "ChessBase"]
[SourceQuality "1"]
[TimeControl "6600+10"]

1. e4 e5 2. Nf3 Nc6 3. Bb5 a6 4. Bxc6 dxc6 5. d4 exd4 6. Qxd4 Qxd4 7. Nxd4 Bd6 8. Be3 Ne7 9. Nd2 f5 10. Nxf5 Nxf5 11. exf5 Bxf5 12. O-O-O O-O-O 13. h3 Be6 14. Rhe1 Bxa2 15. Bd4 Bd5 16. c4 Bxg2 17. Rg1 Bxh3 18. Rxg7 Bf8 19. Rg3 Rxd4 20. Rxh3 Bb4 21. Nb3 Rxc4+ 22. Kb1 Rf4 0-1

[Event "8th Gibraltar U16-Junior 2018"]
[Site "Caleta"]
[Date "2018.08.17"]
[Round "2"]
[White "Onslow, Teddy"]
[Black "Perez Beltran, Salvador"]
[Result "1/2-1/2"]
[ECO "D00"]
[WhiteElo "1669"]
[BlackElo "2018"]
[Annotator "NA RC"]
[PlyCount "37"]
[EventDate "2018.08.17"]
[EventType "swiss"]
[EventCountry "GGB"]
[SourceTitle "playchess.com"]
[Source "ChessBase"]
[SourceQuality "1"]
[TimeControl "6600+10"]

1. d4 d5 2. Bf4 Nf6 3. e3 e6 4. Bd3 c5 5. c3 Nc6 6. Nd2 Bd6 7. Bxd6 Qxd6 8. f4 O-O 9. Ngf3 b6 10. O-O Bb7 11. Ne5 Ne7 12. Qf3 Nd7 13. Qh3 f5 14. Ndf3 Nf6 15. g4 fxg4 16. Nxg4 Nf5 17. Kh1 Nxg4 18. Qxg4 Rf6 19. Ne5 1/2-1/2

[Event "8th Gibraltar U16-Junior 2018"]
[Site "Caleta"]
[Date "2018.08.17"]
[Round "2"]
[White "Krivenko, Dion"]
[Black "Silva, Pedro Gil Ferreira "]
[Result "0-1"]
[ECO "B17"]
[WhiteElo "1635"]
[BlackElo "1795"]
[Annotator "NA RC"]
[PlyCount "96"]
[EventDate "2018.08.17"]
[EventType "swiss"]
[EventCountry "GGB"]
[SourceTitle "playchess.com"]
[Source "ChessBase"]
[SourceQuality "1"]
[TimeControl "6600+10"]

1. e4 c6 2. d4 d5 3. Nc3 dxe4 4. Nxe4 Nd7 5. Nf3 Ngf6 6. Ng3 e6 7. Bd3 c5 8. O-O cxd4 9. Nxd4 Bc5 10. Nb3 Be7 11. Re1 O-O 12. Qf3 h6 13. Bd2 Bd6 14. Ne4 Bc7 15. Nxf6+ Nxf6 16. Rad1 Qd6 17. g3 e5 18. a3 Bg4 19. Qxb7 Rfb8 20. Qg2 Bxd1 21. Rxd1 Re8 22. Bb4 Qe6 23. Nc5 Qg4 24. Re1 Bb6 25. Ne4 Nd5 26. Nd6 Nxb4 27. Be2 Qd4 28. Nxe8 Rxe8 29. Rd1 Qxb2 30. axb4 Qxc2 31. Qf1 e4 32. Rc1 Qb2 33. Qe1 e3 34. f3 Qd2 35. Kf1 Qd5 36. Qd1 Qh5 37. Kg2 Rd8 38. Qb3 Rd2 39. Re1 Qb5 40. Kf1 Qf5 41. Qc4 Qh3+ 42. Kg1 h5 43. g4 Qh4 44. Rf1 Rd4 45. Qc8+ Rd8 46. Qc4 g6 47. gxh5 Qxc4 48. Bxc4 e2+ 0-1

[Event "8th Gibraltar U16-Junior 2018"]
[Site "Caleta"]
[Date "2018.08.17"]
[Round "2"]
[White "Greco, Joseph"]
[Black "Gough, Theo"]
[Result "0-1"]
[ECO "A06"]
[WhiteElo "1626"]
[BlackElo "1346"]
[Annotator "NA RC"]
[PlyCount "168"]
[EventDate "2018.08.17"]
[EventType "swiss"]
[EventCountry "GGB"]
[SourceTitle "playchess.com"]
[Source "ChessBase"]
[SourceQuality "1"]
[TimeControl "6600+10"]

1. Nf3 Nf6 2. b3 d5 3. Bb2 c5 4. e3 Nbd7 5. c4 e6 6. Be2 Bd6 7. Nc3 O-O 8. O-O b6 9. Re1 Bb7 10. Qc2 a6 11. d3 Qc7 12. h3 Rad8 13. Rad1 Rfe8 14. a4 Ne5 15. Nxe5 Bxe5 16. f4 Bd6 17. Bf3 d4 18. Bxb7 dxc3 19. Bxa6 cxb2 20. Qxb2 e5 21. Bb5 Re7 22. g3 Qc8 23. Qg2 exf4 24. exf4 Qa8 25. Qxa8 Rxa8 26. Kg2 Raa7 27. Bc6 Kf8 28. d4 Rxe1 29. Rxe1 cxd4 30. Rd1 Bc5 31. b4 Bxb4 32. Rxd4 Bc5 33. Rd2 Rc7 34. Bb5 g6 35. Kf3 Re7 36. Rd3 Ne4 37. Rd8+ Kg7 38. Re8 Rxe8 39. Bxe8 Nd2+ 40. Ke2 Nxc4 41. Kd3 Nd6 42. Bd7 f5 43. g4 fxg4 44. hxg4 Kf6 45. g5+ Kg7 46. Be6 Nf5 47. Ke4 Nd4 48. Bc4 Nf5 49. Be6 Nd6+ 50. Kd5 Nf7 51. Ke4 Bd6 52. Kf3 Nd8 53. Bd5 Nf7 54. Ke4 Bc7 55. Be6 Nd6+ 56. Kd4 Nf5+ 57. Ke4 Ng3+ 58. Kf3 Nf1 59. f5 Nd2+ 60. Ke3 Nf1+ 61. Kf2 Ng3 62. f6+ Kf8 63. Kf3 Nf5 64. Ke4 Nd6+ 65. Kd5 Nf7 66. Kc6 Be5 67. Kxb6 Nxg5 68. Bg4 Bxf6 69. Kc5 Bd8 70. Kd5 Kg7 71. Kd4 Kf6 72. Ke3 Ne6 73. Bd1 h5 74. Kf3 Kg5 75. Kg3 h4+ 76. Kg2 Kf4 77. Bb3 Nc5 78. Bc2 g5 79. Bd1 g4 80. Kh2 Ne4 81. Be2 Bc7 82. Kg2 h3+ 83. Kg1 Kg3 84. a5 h2+ 0-1

[Event "8th Gibraltar U16-Junior 2018"]
[Site "Caleta"]
[Date "2018.08.17"]
[Round "2"]
[White "Headlong, Benjamin"]
[Black "Dhanwani, Aryan"]
[Result "1-0"]
[ECO "B12"]
[WhiteElo "1597"]
[BlackElo "1169"]
[Annotator "NA RC"]
[PlyCount "115"]
[EventDate "2018.08.17"]
[EventType "swiss"]
[EventCountry "GGB"]
[SourceTitle "playchess.com"]
[Source "ChessBase"]
[SourceQuality "1"]
[TimeControl "6600+10"]

1. e4 c6 2. Nc3 d5 3. e5 Bf5 4. Nf3 e6 5. d4 c5 6. Be3 Nd7 7. Bb5 c4 8. Bxd7+ Qxd7 9. Nh4 Bb4 10. Bd2 Ne7 11. a3 Ba5 12. Ne2 Qb5 13. Bxa5 Qxa5+ 14. Qd2 Qxd2+ 15. Kxd2 g5 16. Nxf5 Nxf5 17. c3 Ke7 18. f4 g4 19. h3 h5 20. hxg4 hxg4 21. g3 b5 22. Kc2 Ne3+ 23. Kd2 Nf5 24. Rag1 a5 25. Ke1 Rag8 26. Kd1 Rh3 27. Rxh3 gxh3 28. Ke1 h2 29. Rh1 Nxg3 30. Rxh2 Nf5 31. Kf2 b4 32. Rh1 b3 33. Rh3 a4 34. Ng3 Nxg3 35. Rxg3 Rxg3 36. Kxg3 f5 37. Kh4 Kf8 38. Kh5 Kf7 39. Kh6 Kg8 40. Kg6 Kh8 41. Kf6 Kh7 42. Kxe6 Kg6 43. Kd7 Kh5 44. e6 Kg4 45. e7 Kxf4 46. e8=Q Kf3 47. Qe1 f4 48. Qf1+ Ke3 49. Kd6 f3 50. Kxd5 Kd2 51. Qxf3 Kc2 52. Qe2+ Kb1 53. Kxc4 Ka2 54. Kb4 Kb1 55. Kxa4 Ka2 56. c4 Ka1 57. Kxb3 Kb1 58. Qd1# 1-0

[Event "8th Gibraltar U16-Junior 2018"]
[Site "Caleta"]
[Date "2018.08.17"]
[Round "2"]
[White "Guerreiro, Jose Velho"]
[Black "Harbinson, Alec Ryan"]
[Result "1-0"]
[ECO "D43"]
[WhiteElo "1525"]
[BlackElo "1043"]
[Annotator "NA RC"]
[PlyCount "69"]
[EventDate "2018.08.17"]
[EventType "swiss"]
[EventCountry "GGB"]
[SourceTitle "playchess.com"]
[Source "ChessBase"]
[SourceQuality "1"]
[TimeControl "6600+10"]

1. d4 d5 2. c4 e6 3. Nc3 c6 4. c5 Nf6 5. Nf3 g6 6. Bg5 Bg7 7. e3 b6 8. b4 Nbd7 9. Bd3 Qc7 10. Bf4 Qd8 11. O-O O-O 12. Bg5 Qc7 13. Bf4 Qd8 14. h3 Re8 15. Ne5 Nxe5 16. Bxe5 Nd7 17. Bh2 e5 18. Bc2 exd4 19. exd4 bxc5 20. bxc5 Nxc5 21. dxc5 Bxc3 22. Rb1 Qa5 23. Bd6 Qxa2 24. Bb3 Qa5 25. Qf3 Re1 26. Rfxe1 Bxe1 27. Qe3 Bc3 28. Qe8+ Kg7 29. Qxc6 Bf5 30. Qxa8 Bxb1 31. Qxd5 f5 32. Qf7+ Kh6 33. Bf8+ Kg5 34. Qe7+ Kh5 35. Bd1# 1-0

[Event "8th Gibraltar U16-Junior 2018"]
[Site "Caleta"]
[Date "2018.08.17"]
[Round "2"]
[White "Cox, Toby"]
[Black "Jain, Anushree"]
[Result "1-0"]
[ECO "C30"]
[WhiteElo "1479"]
[BlackElo "1006"]
[Annotator "NA RC"]
[PlyCount "43"]
[EventDate "2018.08.17"]
[EventType "swiss"]
[EventCountry "GGB"]
[SourceTitle "playchess.com"]
[Source "ChessBase"]
[SourceQuality "1"]
[TimeControl "6600+10"]

1. e4 e5 2. f4 f6 3. fxe5 fxe5 4. Qh5+ Ke7 5. Qxe5+ Kf7 6. Bc4+ d5 7. Bxd5+ Kg6 8. Nf3 Be7 9. Qg3+ Bg5 10. Nxg5 Qxg5 11. Bf7+ Kf6 12. O-O+ Bf5 13. Rxf5+ Qxf5 14. exf5 Kxf7 15. Qxc7+ Ne7 16. Qxb7 Nbc6 17. Nc3 Rhb8 18. Qd7 Re8 19. d3 Kg8 20. Qe6+ Kf8 21. f6 gxf6 22. Bh6# 1-0

[Event "8th Gibraltar U16-Junior 2018"]
[Site "Caleta"]
[Date "2018.08.17"]
[Round "2"]
[White "Manocha, Shobhin"]
[Black "Tombolis, Christopher"]
[Result "0-1"]
[ECO "B73"]
[WhiteElo "1461"]
[BlackElo "1900"]
[Annotator "NA RC"]
[PlyCount "96"]
[EventDate "2018.08.17"]
[EventType "swiss"]
[EventCountry "GGB"]
[SourceTitle "playchess.com"]
[Source "ChessBase"]
[SourceQuality "1"]
[TimeControl "6600+10"]

1. e4 c5 2. Nf3 Nc6 3. d4 cxd4 4. Nxd4 Nf6 5. Nc3 d6 6. Nxc6 bxc6 7. Be2 g6 8. Be3 Bg7 9. O-O O-O 10. h3 Qc7 11. f4 Rb8 12. Rb1 Rd8 13. Bf3 Ba6 14. Be2 Bxe2 15. Qxe2 d5 16. e5 d4 17. exf6 exf6 18. Bd2 dxc3 19. Bxc3 f5 20. Bxg7 Kxg7 21. Qc4 Qb6+ 22. Kh1 Kg8 23. b3 Rd4 24. Qc3 Rbd8 25. Rbe1 Qa6 26. a4 Re4 27. Rd1 Rde8 28. Qd3 Qb6 29. Qc3 Qc7 30. Qc5 Re2 31. Qc3 h5 32. Rde1 Rxe1 33. Rxe1 Re4 34. g3 Qe7 35. Rd1 Re2 36. Qxc6 Qe3 37. Rg1 h4 38. Rg2 Re1+ 39. Kh2 hxg3+ 40. Rxg3 Re2+ 41. Rg2 Qxf4+ 42. Kh1 Qf1+ 43. Kh2 Re1 44. Rg3 f4 45. Rg4 Re2+ 46. Rg2 f3 47. Rxe2 fxe2 48. Qe8+ Kh7 0-1

[Event "8th Gibraltar U16-Junior 2018"]
[Site "Caleta"]
[Date "2018.08.17"]
[Round "2"]
[White "Dharmasena, Gavith"]
[Black "Carroll, Thomas"]
[Result "0-1"]
[ECO "B90"]
[WhiteElo "1433"]
[BlackElo "1965"]
[Annotator "NA RC"]
[PlyCount "60"]
[EventDate "2018.08.17"]
[EventType "swiss"]
[EventCountry "GGB"]
[SourceTitle "playchess.com"]
[Source "ChessBase"]
[SourceQuality "1"]
[TimeControl "6600+10"]

1. e4 c5 2. Nf3 d6 3. d4 cxd4 4. Nxd4 Nf6 5. Nc3 a6 6. Be3 e5 7. Nf3 Be7 8. h3 O-O 9. Qd2 h6 10. Be2 Be6 11. O-O Nbd7 12. Rfd1 b5 13. a3 Nb6 14. b3 Rc8 15. Bd3 Qc7 16. Ne2 Nbd7 17. Ng3 Rfd8 18. Nh4 Nh7 19. Nhf5 Bg5 20. Bxg5 Nxg5 21. Ne7+ Kh8 22. Nxc8 Qxc8 23. a4 Bxh3 24. axb5 Nf6 25. Qe2 Bxg2 26. Kxg2 Qh3+ 27. Kg1 Ng4 28. Rd2 Nh2 29. f3 Nhxf3+ 30. Kf2 Qh2+ 0-1

[Event "8th Gibraltar U16-Junior 2018"]
[Site "Caleta"]
[Date "2018.08.17"]
[Round "2"]
[White "Rayner, Hugo"]
[Black "Atara, Omeet J"]
[Result "0-1"]
[ECO "B01"]
[WhiteElo "1391"]
[BlackElo "1704"]
[Annotator "NA RC"]
[PlyCount "72"]
[EventDate "2018.08.17"]
[EventType "swiss"]
[EventCountry "GGB"]
[SourceTitle "playchess.com"]
[Source "ChessBase"]
[SourceQuality "1"]
[TimeControl "6600+10"]

1. e4 d5 2. exd5 Qxd5 3. Nc3 Qa5 4. d4 c6 5. Nf3 Bf5 6. Be3 e6 7. Bc4 Bb4 8. Bd2 Qc7 9. O-O Nf6 10. Re1 O-O 11. h3 Rd8 12. a3 Be7 13. Be3 Nbd7 14. Qd2 Nb6 15. Ba2 Nbd5 16. Nxd5 cxd5 17. Bf4 Qxc2 18. Qxc2 Bxc2 19. Rac1 Rac8 20. Bb8 a6 21. Ba7 Be4 22. Bb6 Rf8 23. b4 Nd7 24. Bc5 Nxc5 25. bxc5 Bf6 26. Red1 Rc7 27. Bb1 Bxb1 28. Rxb1 Re8 29. Rbc1 Rec8 30. a4 b6 31. Rb1 bxc5 32. Rdc1 g6 33. dxc5 Rxc5 34. Rxc5 Rxc5 35. Kf1 Rc4 36. Ke2 Rxa4 0-1

[Event "8th Gibraltar U16-Junior 2018"]
[Site "Caleta"]
[Date "2018.08.17"]
[Round "2"]
[White "Vyas, Param"]
[Black "Shepherd, Tom"]
[Result "0-1"]
[ECO "D23"]
[WhiteElo "1372"]
[BlackElo "1531"]
[Annotator "NA RC"]
[PlyCount "92"]
[EventDate "2018.08.17"]
[EventType "swiss"]
[EventCountry "GGB"]
[SourceTitle "playchess.com"]
[Source "ChessBase"]
[SourceQuality "1"]
[TimeControl "6600+10"]

1. d4 d5 2. Nf3 Nf6 3. c4 dxc4 4. Qa4+ c6 5. Qxc4 Bf5 6. g3 e6 7. Bg2 Be7 8. O-O O-O 9. b3 Nbd7 10. Bb2 Nb6 11. Qc1 Nbd5 12. Nh4 Be4 13. Nd2 Bxg2 14. Kxg2 Rc8 15. e4 Nb4 16. a3 Nd3 17. Qc3 Nxb2 18. Qxb2 c5 19. Nhf3 cxd4 20. Nxd4 Bc5 21. N4f3 Qd3 22. Ne5 Qd4 23. Ndc4 Qxb2 24. Nxb2 Bd4 25. Ned3 Nxe4 26. Rac1 Nd2 27. Rfd1 Nxb3 28. Rc4 Bxb2 29. Nxb2 Rxc4 30. Nxc4 Nc5 31. Kf3 g6 32. Ke3 Rc8 33. Ne5 Kf8 34. Rc1 Ke7 35. a4 f6 36. Nd3 b6 37. a5 Kd7 38. axb6 axb6 39. Nb4 Ra8 40. Rd1+ Kc7 41. Rc1 Ra3+ 42. Ke2 Ra4 43. Rb1 Ra3 44. Rc1 Kb7 45. h3 Rb3 46. Na2 Rb2+ 0-1

[Event "8th Gibraltar U16-Junior 2018"]
[Site "Caleta"]
[Date "2018.08.17"]
[Round "2"]
[White "Shigaeva, Arina"]
[Black "Schulz, Victor"]
[Result "0-1"]
[ECO "D02"]
[WhiteElo "1271"]
[BlackElo "1510"]
[Annotator "NA RC"]
[PlyCount "56"]
[EventDate "2018.08.17"]
[EventType "swiss"]
[EventCountry "GGB"]
[SourceTitle "playchess.com"]
[Source "ChessBase"]
[SourceQuality "1"]
[TimeControl "6600+10"]

1. d4 Nf6 2. Bf4 d5 3. Nf3 Bf5 4. h3 e6 5. e3 Nbd7 6. Be2 Be7 7. Nbd2 O-O 8. O-O c5 9. c3 c4 10. Ne5 Nxe5 11. Bxe5 Bd6 12. Bxd6 Qxd6 13. f4 Ne4 14. Nxe4 Bxe4 15. g4 Qe7 16. Qe1 f5 17. g5 g6 18. h4 h5 19. gxh6 Qh7 20. Qg3 Qxh6 21. Kf2 Kf7 22. Qg5 Rh8 23. Bf3 Qxh4+ 24. Qxh4 Rxh4 25. Bxe4 dxe4 26. Kg3 Rah8 27. b3 Rh2 28. Rf2 R8h3# 0-1

[Event "8th Gibraltar U16-Junior 2018"]
[Site "Caleta"]
[Date "2018.08.17"]
[Round "2"]
[White "Mahtani, Johan"]
[Black "Howell, Oliver W"]
[Result "0-1"]
[ECO "A80"]
[WhiteElo "1166"]
[BlackElo "1853"]
[Annotator "NA RC"]
[PlyCount "64"]
[EventDate "2018.08.17"]
[EventType "swiss"]
[EventCountry "GGB"]
[SourceTitle "playchess.com"]
[Source "ChessBase"]
[SourceQuality "1"]
[TimeControl "6600+10"]

1. d4 e6 2. Nc3 f5 3. Nf3 Nf6 4. Bf4 Be7 5. e3 O-O 6. Be2 b6 7. d5 Bd6 8. Bxd6 cxd6 9. Nb5 Nxd5 10. Nxd6 Nc6 11. Nd4 Nxd4 12. Qxd4 Qc7 13. Nc4 Ba6 14. Na3 Bxe2 15. Kxe2 Rac8 16. c4 Ne7 17. Rhd1 d5 18. cxd5 Nxd5 19. g3 Rfd8 20. Kf1 a6 21. Qd2 Qd6 22. Rac1 Rxc1 23. Rxc1 b5 24. Rd1 Nxe3+ 25. Qxe3 Qxd1+ 26. Kg2 Qd5+ 27. Kh3 e5 28. Qb6 Qd6 29. Qe3 f4 30. gxf4 exf4 31. Qb3+ Kh8 32. Qc3 b4 0-1

[Event "8th Gibraltar U16-Junior 2018"]
[Site "Caleta"]
[Date "2018.08.17"]
[Round "2"]
[White "Le, Vincent"]
[Black "Bansal, Saahil"]
[Result "0-1"]
[ECO "C02"]
[WhiteElo "1017"]
[BlackElo "1454"]
[Annotator "NA RC"]
[PlyCount "58"]
[EventDate "2018.08.17"]
[EventType "swiss"]
[EventCountry "GGB"]
[SourceTitle "playchess.com"]
[Source "ChessBase"]
[SourceQuality "1"]
[TimeControl "6600+10"]

1. e4 e6 2. d4 d5 3. e5 c5 4. c3 Qb6 5. Nf3 Bd7 6. Be2 Nc6 7. O-O Rc8 8. Na3 cxd4 9. cxd4 Bxa3 10. bxa3 Nge7 11. Be3 Nf5 12. Bd2 Ncxd4 13. Nxd4 Nxd4 14. Be3 Nxe2+ 15. Qxe2 d4 16. Bd2 Bb5 17. Qg4 Bxf1 18. Qxg7 Rf8 19. Bb4 Rc5 20. Rxf1 a5 21. Bxc5 Qxc5 22. Qxh7 Qxe5 23. Qd3 Ke7 24. f4 Qd5 25. Rf2 Rc8 26. h4 Rc3 27. Qh7 d3 28. Rd2 Qd4+ 29. Rf2 d2 0-1

[Event "8th Gibraltar U16-Junior 2018"]
[Site "Caleta"]
[Date "2018.08.18"]
[Round "3"]
[White "Moreby, James"]
[Black "Ledesma Claros, Daniel"]
[Result "1/2-1/2"]
[ECO "B15"]
[WhiteElo "2084"]
[BlackElo "1954"]
[Annotator "NA RC"]
[PlyCount "34"]
[EventDate "2018.08.17"]
[EventType "swiss"]
[EventCountry "GGB"]
[SourceTitle "playchess.com"]
[Source "ChessBase"]
[SourceQuality "1"]
[TimeControl "6600+10"]

1. e4 g6 2. d4 c6 3. Nc3 Bg7 4. Be3 d5 5. f3 Nf6 6. e5 {[%emt 0:00:57] LiveBook: 18 Games} Nfd7 {[%emt 0:00:39] B15: Caro-Kann: 3 Nc3: 3...g6 and 3...dxe4 4 Nxe4 Nf6 5 Nxf6+ exf6} (6... Ng8 7. Qd2 h5 8. h4 Nh6 9. Nh3 Nf5 10. Bd3 Nxe3 11. Qxe3 Bh6 12. Ng5 e6 13. O-O-O b6 14. g4 Ba6 15. Bxa6 Nxa6 16. gxh5 gxh5 17. f4 Qe7 18. Qe2 Nc7 19. Qxh5 O-O-O 20. Kb1 Rdf8 21. Rde1 {½-½ (21) Arutinian,D (2556)-Kasparov,S (2493) Wroclaw 2012}) 7. Qd2 e6 8. f4 Bf8 9. O-O-O $146 ({Predecessor:} 9. Nf3 c5 10. O-O-O Nc6 11. dxc5 Nxc5 12. Qf2 Qa5 13. Bb5 Nd7 14. Nd4 Nxd4 15. Bxd4 {0-1 (28) Lobato Lavin,A (2081)-Roa Alonso,S (2358) Madrid 2000}) 9... Qa5 10. Kb1 h5 11. h4 a6 12. g4 hxg4 13. Qg2 c5 14. Qxg4 Nc6 15. Nf3 cxd4 16. Nxd4 Nc5 17. h5 Bd7 $18 1/2-1/2

[Event "8th Gibraltar U16-Junior 2018"]
[Site "Caleta"]
[Date "2018.08.18"]
[Round "3"]
[White "Diaz Mino, Pablo"]
[Black "Ifalore, Michael"]
[Result "1-0"]
[ECO "E05"]
[WhiteElo "2052"]
[BlackElo "1881"]
[Annotator "NA RC"]
[PlyCount "63"]
[EventDate "2018.08.17"]
[EventType "swiss"]
[EventCountry "GGB"]
[SourceTitle "playchess.com"]
[Source "ChessBase"]
[SourceQuality "1"]
[TimeControl "6600+10"]

1. d4 Nf6 2. c4 e6 3. g3 d5 4. Nf3 Be7 5. Bg2 O-O 6. O-O dxc4 7. Qc2 a6 {[%emt 0:00:06] LiveBook: 5243 Games} 8. a4 c6 {[%emt 0:00:18] E05: Open Catalan: 5 Nf3 Be7} (8... Bd7 9. Rd1 Bc6 10. Bg5 b5 11. Bxf6 Bxf6 12. Nc3 Qe8 13. e4 g6 14. h4 Nd7 15. axb5 axb5 16. Rxa8 Qxa8 {½-½ (26) Mamedyarov,S (2808)-So,W (2778) Stavanger 2018}) 9. a5 b5 (9... c5 $1 $11) 10. axb6 $1 Qxb6 11. Nbd2 ({Much weaker is} 11. Qxc4 $6 Nbd7 $11) 11... Bb7 12. Nxc4 Qa7 13. Na5 Rc8 $2 $146 (13... Bb4 $16 14. Bd2 Bxa5) ({Predecessor:} 13... Nbd7 14. Qb3 Nb6 15. Ne5 Bd6 16. Nxb7 {1-0 (16) Nebolsina,V (2303)-Perrusset,B (1896) Agneaux 2006}) 14. Qb3 Rc7 15. Bf4 Rd7 16. Ne5 Rxd4 17. Qxb7 Qxb7 18. Nxb7 Rb4 19. Na5 Rxb2 20. Nexc6 Nxc6 21. Nxc6 ({Less strong is} 21. Bxc6 Rc8 $18) 21... Re8 22. Nxe7+ Rxe7 23. Rxa6 Rxe2 (23... e5 $142 24. Ra8+ Re8 25. Rxe8+ Nxe8 26. Bxe5 Rxe2) 24. Ra8+ Re8 25. Rfa1 e5 26. Be3 Rc2 27. Rxe8+ Nxe8 28. Ra8 Kf8 29. Be4 Rc3 30. Bd2 Rc4 31. Bd3 Rd4 32. Bb5 $18 1-0